Map: Lightshade LE

Players

Strange

  • Race: Protoss Protoss

Elazer - Winner!

  • Race: Zerg Zerg

Event: DreamHack SC2 Masters 2021 Winter

VOD

Have the link to the VOD?

Description

Time

  • Played on: Oct. 10, 2021, 12:30 p.m.
  • Length: 23:26

All games in this series

Show
View Real Time Build Order
Export as new Build Order

Strange Protoss 

Build Orders: Carriers 

Get SALT Encoding   

  12  0:01  Probe  
  13  0:13  Probe  
  14  0:18  Pylon  
  14  0:25  Probe  
  15  0:37  Probe  
  15  0:40  Forge  
  16  1:03  Pylon  
  16  1:07  Pylon  
  16  1:08  Pylon  
  16  1:21  Photon Cannon  
  16  1:24  Gateway  
  16  1:26  Probe (Chrono Boost)  
  16  1:28  Assimilator  
  17  1:36  Probe (Chrono Boost)  
  18  1:41  Probe (Chrono Boost), Pylon  
  19  1:53  Probe  
  20  1:59  Pylon  
  20  2:09  Zealot (Chrono Boost)  
  20  2:12  Cybernetics Core  
  20  2:14  Photon Cannon  
  22  2:27  Photon Cannon  
  22  2:34  Photon Cannon  
  24  2:49  Robotics Facility  
  24  2:51  Shield Battery  
  22  2:54  Adept (Chrono Boost)  
  24  3:03  Shield Battery  
  24  3:14  Shield Battery  
  24  3:17  Shield Battery  
  24  3:29  Shield Battery  
  24  3:36  Immortal (Chrono Boost)  
  28  3:49  Pylon  
  28  3:59  Shield Battery  
  28  4:05  Warp Prism (Chrono Boost)  
  30  4:19  Shield Battery  
  28  4:30  Shield Battery  
  28  4:40  Immortal  
  32  4:51  Photon Cannon  
  30  4:58  Pylon  
  29  5:16  Stargate  
  29  5:25  Pylon  
  29  5:29  Pylon  
  29  5:31  Assimilator  
  29  5:36  Pylon  
  29  5:43  Probe  
  30  5:52  Void Ray (Chrono Boost)  
  30  5:55  Probe  
  35  6:07  Probe, Pylon  
  36  6:19  Probe  
  37  6:32  Nexus  
  37  6:36  Void Ray (Chrono Boost)  
  41  6:48  Probe  
  42  7:01  Gateway  
  42  7:03  Probe  
  43  7:15  Probe  
  44  7:27  Probe  
  45  7:42  Probe (Chrono Boost)  
  46  7:45  Probe (Chrono Boost)  
  46  7:46  Pylon  
  46  7:48  Void Ray  
  47  7:54  Probe (Chrono Boost)  
  47  7:55  Probe (Chrono Boost)  
  53  7:59  Cybernetics Core  
  53  8:01  Probe  
  53  8:03  Probe  
  55  8:07  Photon Cannon  
  55  8:13  Probe  
  55  8:15  Probe  
  57  8:25  Probe, Assimilator x2  
  58  8:28  Probe  
  59  8:37  Probe  
  59  8:40  Probe, Stargate  
  61  8:49  Probe  
  61  8:52  Probe, Fleet Beacon  
  61  8:54  Protoss Air Weapons Level 1 (Chrono Boost)  
  63  9:02  Gateway  
  64  9:05  Shield Battery  
  63  9:21  Nexus  
  63  9:22  Pylon, Void Ray (Chrono Boost)  
  63  9:27  Void Ray (Chrono Boost)  
  71  9:38  Flux Vanes  
  71  9:43  Probe x2  
  73  9:50  Shield Battery  
  73  9:55  Probe  
  73  9:56  Probe  
  75  10:02  Pylon  
  75  10:03  Void Ray  
  75  10:07  Probe  
  75  10:08  Probe  
  75  10:10  Void Ray  
  81  10:14  Pylon  
  81  10:21  Probe x2  
  87  10:29  Stargate  
  87  10:33  Probe x3  
  90  10:45  Probe x3  
  93  10:50  Protoss Air Weapons Level 2 (Chrono Boost), Assimilator  
  93  10:51  Assimilator  
  93  10:57  Probe x3  
  96  11:10  Carrier (Chrono Boost)  
  106  11:17  Carrier (Chrono Boost)  
  106  11:18  Carrier (Chrono Boost)  
  114  11:28  Photon Cannon  
  114  11:29  Shield Battery  
  114  11:38  Robotics Facility  
  114  11:44  Pylon  
  114  11:50  Pylon  
  114  11:53  Pylon  
  114  11:55  Pylon  
  114  11:56  Mothership (Chrono Boost)  
  114  11:57  Pylon  
  114  11:59  Pylon  
  122  12:09  Carrier  
  128  12:19  Photon Cannon  
  128  12:20  Photon Cannon  
  128  12:21  Carrier  
  128  12:25  Observer  
  135  12:42  Robotics Bay  
  141  12:51  Carrier  
  141  12:59  Photon Cannon  
  141  13:01  Photon Cannon  
  141  13:03  Photon Cannon  
  141  13:05  Shield Battery  
  141  13:16  Carrier  
  147  13:27  Pylon  
  147  13:30  Disruptor (Chrono Boost), Carrier  
  156  13:36  Nexus  
  156  13:57  Disruptor (Chrono Boost)  
  159  14:04  Pylon  
  159  14:05  Pylon  
  159  14:09  Photon Cannon  
  159  14:10  Photon Cannon, Protoss Air Weapons Level 3 (Chrono Boost)  
  159  14:11  Shield Battery  
  159  14:24  Disruptor (Chrono Boost)  
  162  14:37  Pylon, Carrier (Chrono Boost)  
  173  14:41  Pylon x2  
  173  14:50  Carrier (Chrono Boost)  
  173  14:51  Carrier (Chrono Boost)  
  173  14:56  Pylon  
  173  14:58  Pylon  
  179  15:05  Nexus  
  179  15:06  Pylon  
  179  15:08  Observer  
  180  15:17  Shield Battery, Photon Cannon  
  186  15:34  Carrier (Chrono Boost)  
  186  15:37  Assimilator  
  186  15:39  Carrier (Chrono Boost)  
  186  15:42  Void Ray (Chrono Boost), Assimilator  
  196  16:06  Stargate  
  196  16:07  Observer  
  196  16:14  Void Ray (Chrono Boost)  
  197  16:57  Protoss Air Armor Level 1 (Chrono Boost)  
  197  17:29  Void Ray (Chrono Boost)  
  173  17:58  Carrier x3 (Chrono Boost)  
  186  18:02  Protoss Shields Level 1  
  186  18:03  Void Ray (Chrono Boost)  
  186  18:12  Stargate  
  190  18:13  Stargate  
  190  18:19  Robotics Facility  
  190  18:32  Carrier (Chrono Boost)  
  196  18:42  Void Ray  
  200  18:59  Protoss Air Armor Level 2 (Chrono Boost)  
  175  19:50  Carrier x2 (Chrono Boost)  
  191  19:58  Carrier x2 (Chrono Boost)  
  172  20:12  Void Ray (Chrono Boost)  
  148  20:20  Void Ray (Chrono Boost)  
  150  20:45  Void Ray (Chrono Boost)  
  150  20:47  Void Ray (Chrono Boost)  
  154  20:54  Void Ray (Chrono Boost)  
  166  20:58  Void Ray (Chrono Boost)  
  166  21:02  Void Ray (Chrono Boost)  
  174  21:21  Void Ray (Chrono Boost)  
  174  21:25  Void Ray (Chrono Boost)  
  178  21:39  Void Ray  
  180  21:48  Void Ray  
  177  21:56  Void Ray  
  181  22:03  Void Ray (Chrono Boost)  
Show
View Real Time Build Order
Export as new Build Order

Elazer Zerg - Winner!

Build Orders: Hatch First, Ravager All-In 

Get SALT Encoding   

  12  0:01  Drone  
  13  0:12  Overlord  
  13  0:16  Drone  
  14  0:30  Drone x2  
  16  0:47  Hatchery  
  15  0:51  Drone  
  15  0:55  Drone  
  17  0:58  Drone  
  18  1:10  Extractor  
  17  1:14  Spawning Pool  
  16  1:18  Drone  
  16  1:21  Drone  
  18  1:31  Drone  
  19  1:41  Drone  
  20  1:49  Extractor  
  20  1:50  Drone  
  20  2:01  Queen, Spine Crawler  
  22  2:04  Roach Warren  
  22  2:06  Zergling x2  
  21  2:09  Drone  
  21  2:12  Drone  
  23  2:17  Overlord  
  23  2:38  Queen  
  23  2:44  Roach  
  27  2:46  Roach x2  
  27  2:49  Roach  
  33  2:56  Overlord  
  33  3:02  Roach  
  35  3:09  Ravager  
  36  3:14  Ravager x2  
  36  3:15  Overlord  
  38  3:22  Roach  
  40  3:28  Ravager  
  41  3:44  Roach x2  
  41  3:45  Overlord  
  45  3:53  Ravager  
  46  3:59  Zergling x2  
  46  4:00  Zergling x4  
  49  4:07  Ravager  
  50  4:11  Queen  
  50  4:15  Drone x2  
  52  4:23  Ravager  
  53  4:32  Zergling x4  
  56  4:38  Ravager  
  56  4:41  Zergling x2  
  57  4:48  Roach  
  57  4:50  Overlord  
  57  5:15  Queen x2  
  57  5:21  Metabolic Boost  
  60  5:22  Zergling x4  
  62  5:31  Drone x2  
  64  5:36  Drone x2  
  64  5:39  Drone  
  67  5:48  Overlord  
  67  5:56  Lair  
  64  5:59  Drone  
  64  6:02  Drone  
  66  6:04  Drone  
  66  6:08  Drone  
  68  6:15  Drone x2  
  68  6:16  Drone  
  68  6:18  Drone  
  72  6:29  Queen  
  72  6:31  Overlord  
  74  6:37  Drone  
  75  6:41  Overlord  
  75  6:53  Drone x3  
  78  6:54  Hatchery  
  78  6:55  Overseer  
  78  6:58  Drone  
  78  7:01  Drone  
  79  7:04  Drone x2  
  81  7:09  Queen  
  81  7:15  Drone x3  
  86  7:19  Queen  
  88  7:25  Overlord  
  88  7:27  Drone x2  
  90  7:30  Overlord  
  90  7:33  Drone x2  
  91  7:40  Drone  
  92  7:45  Overlord  
  92  7:47  Drone x5  
  92  7:49  Drone  
  98  7:53  Drone  
  98  7:58  Overlord  
  99  8:02  Queen  
  101  8:07  Queen  
  101  8:09  Queen  
  105  8:20  Drone x2  
  105  8:25  Drone x4  
  105  8:26  Hatchery  
  110  8:30  Overlord  
  110  8:34  Drone x6  
  110  8:36  Drone  
  116  8:43  Overlord  
  116  8:45  Queen x2  
  120  8:49  Infestation Pit  
  120  8:50  Evolution Chamber  
  120  8:54  Extractor x2, Drone x4  
  121  8:55  Drone  
  121  8:58  Drone x3  
  124  9:05  Queen  
  126  9:10  Overlord  
  126  9:12  Extractor  
  126  9:13  Extractor  
  126  9:15  Drone x9  
  133  9:18  Zerg Missile Weapons Level 1  
  133  9:24  Overlord  
  133  9:31  Queen  
  133  9:33  Hive  
  135  9:42  Queen x2, Spire  
  139  9:45  Drone x2  
  139  9:46  Drone x4  
  139  9:50  Overseer  
  144  9:55  Zergling x12  
  144  9:56  Overlord x2  
  149  10:04  Overlord  
  149  10:10  Overlord  
  149  10:11  Queen  
  151  10:16  Hatchery  
  151  10:18  Queen, Drone x2  
  151  10:19  Spore Crawler  
  151  10:20  Zergling x2  
  151  10:21  Zergling x10  
  159  10:24  Queen  
  161  10:31  Drone x9  
  161  10:32  Overlord  
  169  10:36  Evolution Chamber  
  168  10:45  Adrenal Glands  
  168  10:48  Zergling x8  
  168  10:49  Overlord  
  172  10:50  Viper x3  
  172  10:55  Greater Spire, Pathogen Glands  
  180  10:57  Queen x2  
  180  11:04  Overlord  
  184  11:08  Zerg Ground Armor Level 1  
  184  11:10  Drone  
  184  11:11  Drone x5  
  185  11:12  Drone  
  185  11:17  Spore Crawler  
  188  11:18  Spore Crawler x2  
  188  11:19  Zerg Missile Weapons Level 2  
  188  11:22  Infestor x3  
  188  11:23  Infestor  
  194  11:28  Drone  
  194  11:29  Extractor x2, Drone x3  
  194  11:30  Drone x2  
  198  11:33  Spore Crawler x2  
  198  11:38  Queen  
  198  11:46  Spore Crawler  
  197  11:47  Spore Crawler, Queen  
  197  11:48  Spore Crawler  
  197  11:56  Spore Crawler  
  197  11:57  Spore Crawler x2  
  194  12:02  Neural Parasite  
  194  12:05  Burrow, Overseer x2  
  194  12:06  Overseer  
  194  12:10  Spore Crawler  
  194  12:11  Spore Crawler x2, Zerg Flyer Armor Level 1  
  194  12:13  Spire  
  190  12:17  Drone x8  
  190  12:18  Drone  
  199  12:28  Spore Crawler  
  199  12:29  Spore Crawler  
  197  12:30  Spore Crawler  
  197  12:31  Spore Crawler  
  197  12:32  Spore Crawler  
  197  12:33  Spore Crawler  
  193  12:43  Spore Crawler  
  193  12:44  Spore Crawler x2  
  191  12:45  Spore Crawler x4  
  191  12:46  Spore Crawler  
  185  12:58  Drone x8, Ultralisk Cavern  
  192  12:59  Drone x6  
  192  13:04  Overseer  
  198  13:06  Zerg Ground Armor Level 2  
  198  13:09  Drone x2  
  200  13:15  Spore Crawler  
  200  13:16  Spore Crawler x3  
  200  13:17  Spore Crawler  
  200  13:18  Spore Crawler x2, Drone x5  
  200  13:19  Spore Crawler  
  197  13:20  Spore Crawler  
  197  13:23  Spore Crawler  
  197  13:25  Spore Crawler x2  
  197  13:26  Spore Crawler  
  192  13:27  Spore Crawler  
  186  13:56  Zerg Missile Weapons Level 3, Zerg Flyer Weapons Level 1  
  186  13:57  Chitinous Plating  
  186  14:03  Drone x6  
  186  14:07  Spore Crawler x2  
  186  14:08  Spore Crawler x2  
  186  14:09  Spore Crawler  
  187  14:12  Spore Crawler  
  187  14:13  Spore Crawler  
  185  14:22  Zerg Flyer Armor Level 2  
  184  14:44  Spore Crawler  
  180  14:45  Spore Crawler  
  180  14:46  Spore Crawler  
  180  14:47  Spore Crawler x3  
  180  14:48  Spore Crawler x2  
  180  14:51  Ultralisk x3  
  191  14:59  Overseer x2  
  191  15:01  Drone x8  
  191  15:06  Spore Crawler  
  198  15:08  Spore Crawler x2  
  198  15:09  Drone  
  198  15:14  Spore Crawler  
  196  15:15  Anabolic Synthesis, Spore Crawler  
  196  15:16  Spore Crawler, Drone x4  
  196  15:17  Spore Crawler x2  
  196  15:18  Spore Crawler x2  
  196  15:19  Spore Crawler x3  
  191  15:22  Spore Crawler x3  
  191  15:23  Spore Crawler x3  
  191  15:24  Spore Crawler x2  
  191  15:26  Spore Crawler, Drone x3  
  191  15:27  Drone x5  
  190  15:31  Spore Crawler  
  190  15:32  Spore Crawler, Overseer x2  
  190  15:34  Spore Crawler  
  187  15:48  Pneumatized Carapace  
  187  15:56  Infestor x2  
  191  16:00  Viper x2  
  197  16:04  Zerg Ground Armor Level 3  
  197  16:05  Zerg Flyer Weapons Level 2  
  186  16:33  Zerg Melee Weapons Level 1  
  186  16:36  Ultralisk  
  183  16:43  Infestor x2  
  179  16:48  Queen x3  
  179  16:49  Queen x2  
  189  17:03  Spore Crawler  
  189  17:04  Spore Crawler x2  
  189  17:06  Spore Crawler  
  189  17:08  Zergling x24  
  158  17:54  Viper x3  
  164  18:09  Overlord x3  
  164  18:12  Extractor  
  164  18:14  Extractor  
  162  18:21  Spore Crawler x2, Corruptor x10  
  162  18:22  Spore Crawler x2, Hatchery  
  177  18:31  Zerg Melee Weapons Level 2  
  177  18:32  Zerg Flyer Weapons Level 3  
  177  18:33  Zerg Flyer Armor Level 3  
  177  18:48  Corruptor x11  
  179  18:55  Overseer x3  
  199  18:56  Overseer x3  
  180  20:02  Overlord  
  180  20:03  Overlord x2  
  158  20:26  Overlord x2  
  158  20:28  Infestor x5  
  152  20:30  Drone x3  
  152  20:31  Drone x2  
  167  20:36  Ultralisk  
  167  20:38  Overlord  
  167  20:39  Overlord, Overseer  
  167  20:40  Overseer x2  
  167  20:41  Hatchery  
  172  20:54  Ultralisk x2  
  184  20:59  Corruptor x5  
  184  21:00  Corruptor x2  
  198  21:04  Overseer x4  
  198  21:27  Overseer  
  184  22:30  Infestor x2  
  184  22:31  Infestor  
  184  22:38  Corruptor x7  

Tags
 
Add a new tag
Caveats
  • Supply blocks, unpowered buildings, or Contaminate may cause inaccurate times.
  • Supply counts are checked every 10 seconds.